Map: Odyssey LE

Players

MaNa

  • Race: Protoss Protoss
  • Spawn Location: 11:00

TRUE - Winner!

  • Race: Zerg Zerg
  • Spawn Location: 5:00

Event: WCS Jonkoping 2017

VOD

Have the link to the VOD?

Description

Time

  • Played on: June 17, 2017, 2:37 p.m.
  • Length: 10:21

All games in this series

Show
View Real Time Build Order
Export as new Build Order

MaNa Protoss 

Build Orders: 1 Gate Expand, Oracle Opening, Zealot Archon 

Get SALT Encoding   

  12  0:00  Probe (Chrono Boost)  
  13  0:11  Probe (Chrono Boost)  
  14  0:17  Pylon  
  14  0:22  Probe (Chrono Boost)  
  15  0:35  Probe (Chrono Boost)  
  16  0:40  Gateway  
  16  0:45  Probe (Chrono Boost)  
  16  0:48  Assimilator  
  17  0:56  Probe (Chrono Boost)  
  18  1:06  Probe (Chrono Boost)  
  19  1:17  Probe (Chrono Boost)  
  20  1:24  Nexus  
  20  1:34  Cybernetics Core  
  20  1:37  Probe (Chrono Boost)  
  21  1:44  Assimilator  
  21  1:48  Probe (Chrono Boost)  
  21  1:53  Pylon  
  22  1:58  Probe (Chrono Boost)  
  23  2:11  Warp Gate, Adept  
  23  2:12  Probe (Chrono Boost)  
  26  2:22  Probe (Chrono Boost)  
  27  2:30  Stargate  
  27  2:33  Probe (Chrono Boost)  
  27  2:36  Probe (Chrono Boost)  
  29  2:39  Adept  
  29  2:43  Probe (Chrono Boost)  
  32  2:51  Probe (Chrono Boost)  
  33  2:54  Probe (Chrono Boost)  
  33  2:55  Pylon  
  34  3:01  Probe (Chrono Boost)  
  34  3:04  Probe (Chrono Boost)  
  36  3:10  Probe (Chrono Boost)  
  37  3:13  Oracle (Chrono Boost)  
  37  3:15  Probe  
  37  3:19  Gateway  
  41  3:20  Probe  
  41  3:23  Gateway  
  42  3:27  Probe  
  42  3:28  Adept  
  42  3:32  Pylon  
  45  3:40  Pylon  
  46  3:41  Probe  
  46  3:47  Twilight Council  
  46  3:49  Probe  
  46  3:53  Probe  
  48  3:59  Pylon  
  48  4:00  Probe  
  49  4:04  Oracle (Chrono Boost)  
  49  4:05  Probe  
  53  4:12  Probe  
  54  4:21  Probe  
  54  4:22  Probe  
  56  4:24  Resonating Glaives (Chrono Boost)  
  56  4:28  Nexus  
  56  4:32  Mothership Core  
  56  4:33  Assimilator  
  56  4:34  Assimilator  
  58  4:43  Adept x3  
  58  4:44  Probe  
  65  4:48  Pylon  
  65  4:51  Probe  
  65  4:56  Probe  
  67  5:02  Probe  
  68  5:07  Robotics Facility  
  68  5:12  Adept x3  
  68  5:13  Forge  
  74  5:15  Probe  
  74  5:16  Probe  
  76  5:24  Pylon  
  76  5:28  Pylon x2  
  76  5:33  Phoenix  
  78  5:38  Probe  
  78  5:39  Probe  
  78  5:42  Sentry x2  
  82  5:43  Probe, Adept  
  82  5:49  Probe  
  85  5:51  Probe  
  85  5:54  Observer, Probe  
  89  5:59  Protoss Ground Weapons Level 1 (Chrono Boost)  
  89  6:04  Adept  
  91  6:05  Zealot, Adept  
  91  6:07  Probe, Assimilator  
  91  6:09  Probe  
  97  6:17  Probe  
  97  6:18  Probe  
  91  6:27  Probe x2  
  91  6:28  Probe  
  91  6:30  Adept x3  
  91  6:31  Immortal  
  88  6:35  Charge  
  88  6:38  Probe  
  88  6:39  Probe, Assimilator  
  90  6:41  Probe, Templar Archives  
  90  6:46  Pylon  
  91  6:51  Probe  
  91  6:53  Probe, Adept x3  
  91  6:57  Probe  
  88  7:03  Probe  
  88  7:04  Probe  
  88  7:08  Probe  
  86  7:11  Immortal (Chrono Boost)  
  86  7:15  Probe  
  92  7:19  Probe x2, Gateway  
  94  7:24  Protoss Ground Weapons Level 2 (Chrono Boost)  
  94  7:26  High Templar x2  
  94  7:27  Adept  
  100  7:30  Archon  
  100  7:31  Probe  
  100  7:32  Probe  
  100  7:33  Probe  
  103  7:37  Gateway  
  103  7:45  Gateway  
  103  7:48  High Templar  
  105  7:53  Immortal (Chrono Boost)  
  105  7:58  Photon Cannon  
  109  8:05  High Templar  
  109  8:06  Zealot  
  109  8:09  Photon Cannon  
  109  8:11  Archon  
  113  8:18  Gateway  
  113  8:20  Gateway  
  113  8:23  Gateway  
  117  8:27  Immortal (Chrono Boost)  
  117  8:29  Sentry x3  
  123  8:35  Pylon  
  123  8:37  Pylon  
  123  8:49  Pylon  
  123  8:51  Pylon x2  
  123  8:53  Pylon  
  123  8:55  Void Ray  
  125  9:07  Pylon  
  125  9:08  Immortal (Chrono Boost)  
  129  9:17  Pylon, High Templar x3  
  129  9:18  High Templar  
  137  9:30  Archon  
  126  9:35  Zealot x4  
  126  9:42  Immortal (Chrono Boost)  
  126  9:43  Robotics Facility  
  130  9:51  Zealot x2  
  130  9:52  Zealot, Probe x2  
  116  9:55  Zealot  
  116  9:56  Zealot x3  
Show
View Real Time Build Order
Export as new Build Order

TRUE Zerg - Winner!

Build Orders: Hatch First 

Get SALT Encoding   

  12  0:00  Drone  
  13  0:12  Overlord  
  13  0:16  Drone  
  14  0:30  Drone x2  
  16  0:37  Drone  
  17  0:51  Hatchery  
  17  0:55  Drone  
  17  1:09  Spawning Pool  
  17  1:11  Extractor  
  15  1:13  Drone  
  16  1:26  Drone x2  
  16  1:27  Drone  
  19  1:38  Drone  
  20  1:55  Queen  
  20  1:56  Overlord  
  22  2:03  Queen  
  22  2:05  Drone x2  
  26  2:11  Drone  
  26  2:15  Drone  
  28  2:16  Metabolic Boost  
  28  2:21  Drone  
  29  2:25  Drone  
  30  2:32  Drone  
  30  2:35  Drone  
  32  2:43  Drone  
  33  2:47  Zergling x2  
  34  2:53  Overlord  
  34  2:58  Drone  
  35  3:01  Queen, Hatchery  
  36  3:11  Pneumatized Carapace  
  36  3:12  Drone x3  
  39  3:13  Drone  
  39  3:16  Drone  
  39  3:18  Drone  
  42  3:20  Drone  
  42  3:22  Drone  
  42  3:25  Overlord  
  44  3:30  Overlord  
  44  3:39  Overlord  
  44  3:44  Drone, Overlord  
  44  3:46  Drone x5  
  52  3:55  Zergling x4  
  52  3:59  Queen x2  
  56  4:04  Zergling x2  
  56  4:05  Evolution Chamber  
  56  4:08  Zergling x2  
  56  4:09  Zergling x4  
  59  4:15  Drone x3  
  59  4:16  Drone  
  63  4:19  Overlord  
  63  4:21  Drone  
  64  4:29  Drone  
  64  4:31  Zerg Melee Weapons Level 1  
  64  4:32  Queen  
  64  4:33  Drone x2  
  64  4:37  Lair  
  68  4:41  Drone  
  68  4:43  Drone  
  68  4:45  Extractor  
  69  4:46  Spore Crawler  
  69  4:47  Spore Crawler, Drone  
  69  4:48  Drone x2  
  69  4:51  Extractor, Drone x2  
  69  4:52  Drone  
  72  4:53  Drone  
  72  4:57  Drone x2  
  72  4:59  Drone  
  76  5:02  Drone x2  
  76  5:04  Drone  
  76  5:06  Overlord  
  79  5:11  Baneling Nest, Extractor  
  79  5:12  Overlord  
  77  5:15  Zergling x6  
  77  5:16  Zergling x2  
  77  5:18  Zergling x2  
  77  5:20  Zergling x4  
  84  5:22  Overlord  
  84  5:23  Extractor  
  84  5:24  Zergling x2  
  85  5:28  Zergling x2  
  85  5:29  Overlord  
  85  5:34  Overlord  
  84  5:44  Roach Warren, Zergling x10  
  84  5:47  Zergling x4  
  88  5:50  Zergling x6  
  91  5:57  Zergling x6  
  91  5:58  Baneling x8  
  91  6:01  Zergling x4  
  91  6:03  Baneling x2  
  96  6:07  Zergling x2  
  96  6:08  Zergling x2  
  96  6:09  Zergling x2  
  81  6:27  Drone  
  81  6:28  Drone x8  
  81  6:31  Glial Reconstitution  
  85  6:34  Queen  
  85  6:35  Drone x2  
  85  6:36  Drone  
  90  6:42  Burrow, Zerg Missile Weapons Level 1  
  90  6:50  Hatchery  
  80  7:07  Roach x14  
  103  7:09  Roach  
  103  7:11  Roach x2  
  103  7:14  Overlord  
  111  7:15  Roach  
  111  7:17  Roach  
  111  7:19  Roach  
  111  7:20  Roach  
  117  7:23  Roach  
  117  7:24  Roach  
  117  7:28  Roach  
  123  7:30  Roach  
  123  7:35  Roach  
  127  7:37  Overlord  
  127  7:39  Roach x2, Overlord  
  127  7:41  Roach  
  127  7:42  Roach  
  127  7:44  Roach  
  137  7:45  Overlord x2  
  137  7:56  Overlord  
  137  7:58  Tunneling Claws  
  137  7:59  Roach x5  
  137  8:02  Roach x2  
  137  8:04  Roach  
  153  8:06  Roach  
  153  8:09  Roach  
  153  8:10  Roach  
  153  8:11  Roach  
  163  8:12  Roach  
  163  8:21  Roach x5  
  163  8:22  Roach  
  163  8:24  Roach  
  163  8:26  Drone  
  178  8:28  Spore Crawler  
  178  8:29  Drone x2  
  178  8:31  Roach  
  178  8:32  Roach  
  183  8:35  Overlord  
  183  8:39  Overlord  
  183  8:42  Overlord  
  183  8:46  Roach  
  183  8:48  Overlord  
  181  8:56  Roach x11  
  181  8:57  Roach  
  181  8:59  Roach x3  
  181  9:00  Roach  
  199  9:22  Roach  
  197  9:24  Roach  
  197  9:26  Roach x2  
  197  9:27  Roach x22  
  197  9:28  Roach  
  197  9:29  Roach x15  
  197  9:30  Roach x2  
  197  9:31  Roach  
  197  9:32  Roach x2  
  197  9:37  Roach x2  
  199  9:45  Roach x3  
  195  9:46  Roach x2  
  195  9:48  Roach  
  195  9:49  Roach x2  
  195  9:50  Roach x2  
  195  9:51  Roach  
  193  9:55  Roach x3  
  193  9:56  Roach x2  
  163  10:08  Drone x4, Hydralisk Den  
  158  10:19  Hatchery  
Tags
 
Add a new tag
Caveats
  • Supply blocks, unpowered buildings, or Contaminate may cause inaccurate times.
  • Supply counts are checked every 10 seconds.